| TOP OF THE 1ST |
|
Kingsport Mets batting - Pitching for San Francisco (APP) Giants : LHP Hector Jimenez
|
|
Pitching: LHP Hector Jimenez
|
|
|
Batting: SHB Tyler Maddux
|
0-0: Ball 1-0: Ball 2-0: Ball 3-0: Called Strike 3-1: DOUBLE (Line Drive, 89D, EV 113.1 MPH)
|
|
Batting: LHB Jeremy Moorehead
|
0-0: Called Strike 0-1: Ball 1-1: Foul Ball, location: 2F 1-2: Ball 2-2: Ball 3-2: Fly out, F8 (Flyball, 89S, EV 82.5 MPH)
|
|
Batting: RHB Coltin Nellis
|
0-0: Swinging Strike 0-1: Ball 1-1: Ball 2-1: Called Strike 2-2: Foul Ball, location: 2F 2-2: Strikes out swinging
|
|
Batting: SHB Nick Daigle
|
0-0: SINGLE (Groundball, 6MD, EV 80.6 MPH) (infield hit) Tyler Maddux to third
|
|
Batting: LHB Miguel Ramos
|
0-0: Called Strike 0-1: Foul Ball, location: 2F 0-2: Ball 1-2: Ground out 4-3 (Groundball, 34, EV 98.8 MPH)
|
| Top of the 1st over - 0 runs, 2 hits, 0 errors, 2 left on base; Kingsport 0 - San Francisco (APP) 0 |
| BOTTOM OF THE 1ST |
|
San Francisco (APP) Giants batting - Pitching for Kingsport Mets : LHP Dan Bremseth
|
|
Pitching: LHP Dan Bremseth
|
|
|
Batting: RHB Frank Pena
|
0-0: Ball 1-0: Called Strike 1-1: Foul Ball, location: 2F 1-2: Foul Ball, location: 2F 1-2: Ball 2-2: Foul Ball, location: 2F 2-2: Fly out, F6 (Line Drive, 6, EV 68.1 MPH)
|
|
Batting: RHB Coen Dirks
|
0-0: Called Strike 0-1: Ball 1-1: Ball 2-1: Ball 3-1: Base on Balls
|
|
Batting: RHB Edwin Verdugo
|
0-0: Ball Passed Ball! Coen Dirks to second 1-0: Ground out 3-1 (Groundball, 13, EV 88.1 MPH) Coen Dirks to third
|
|
Batting: RHB Troy Trice
|
0-0: Called Strike 0-1: Ball 1-1: Foul Ball, location: 2F 1-2: SINGLE (Line Drive, 9LS, EV 90.0 MPH) Coen Dirks scores
|
|
Batting: RHB Jason Gregor
|
0-0: Swinging Strike 0-1: Swinging Strike 0-2: Ball Passed Ball! Troy Trice to second 1-2: Ball 2-2: Foul Ball, location: 2F 2-2: Ground out U3 (Groundball, 3S, EV 66.2 MPH)
|
| Bottom of the 1st over - 1 run, 1 hit, 0 errors, 1 left on base; Kingsport 0 - San Francisco (APP) 1 |
| TOP OF THE 2ND |
|
Kingsport Mets batting - Pitching for San Francisco (APP) Giants : LHP Hector Jimenez
|
|
Batting: LHB Matt Baker
|
0-0: Ball 1-0: Swinging Strike 1-1: Foul Ball, location: 2F 1-2: Ground out U3 (Groundball, 13, EV 88.1 MPH)
|
|
Batting: RHB Chris Graham
|
0-0: Ball 1-0: Fly out, F4 (Popup, 4S, EV 70.0 MPH)
|
|
Batting: LHB Dan Bremseth
|
0-0: Swinging Strike 0-1: Foul Ball, location: 2F 0-2: Strikes out looking
|
| Top of the 2nd over - 0 runs, 0 hits, 0 errors, 0 left on base; Kingsport 0 - San Francisco (APP) 1 |
| BOTTOM OF THE 2ND |
|
San Francisco (APP) Giants batting - Pitching for Kingsport Mets : LHP Dan Bremseth
|
|
Batting: RHB Matt Shepard
|
0-0: Ball 1-0: DOUBLE (Flyball, 8LXD, EV 105.0 MPH)
|
|
Batting: LHB Chris West
|
0-0: Called Strike 0-1: Ball 1-1: Fly out, F8 (Flyball, 8LXD, EV 92.5 MPH) Runner from 2nd tags up, SAFE at 3rd, no throw by CF
|
|
Batting: RHB Teruhide Horiuchi
|
0-0: Called Strike 0-1: Called Strike 0-2: Ball Wild Pitch! Matt Shepard scores 1-2: Strikes out looking
|
|
Batting: RHB Bob Schweiger
|
0-0: Ball 1-0: Ball 2-0: Called Strike 2-1: Foul Ball, location: 2F 2-2: Ball 3-2: Base on Balls
|
|
Batting: RHB Frank Pena
|
0-0: Called Strike 0-1: Ball 1-1: Foul Ball, location: 2F 1-2: Ball 2-2: Ground out U3 (Groundball, 13, EV 91.2 MPH)
|
| Bottom of the 2nd over - 1 run, 1 hit, 0 errors, 1 left on base; Kingsport 0 - San Francisco (APP) 2 |
| TOP OF THE 3RD |
|
Kingsport Mets batting - Pitching for San Francisco (APP) Giants : LHP Hector Jimenez
|
|
Batting: RHB Danny Runberg
|
0-0: Ball 1-0: Called Strike 1-1: Ball 2-1: Ball 3-1: Base on Balls
|
|
Batting: SHB Tyler Maddux
|
0-0: Foul Ball, location: 2F 0-1: Fly out, F9 (Flyball, 89S, EV 76.9 MPH)
|
|
Batting: LHB Jeremy Moorehead
|
0-0: Called Strike 0-1: Ball 1-1: Ball 2-1: Called Strike 2-2: Foul Ball, location: 2F 2-2: Ball 3-2: SINGLE (Line Drive, 78S, EV 96.9 MPH) Danny Runberg to second
|
|
Batting: RHB Coltin Nellis
|
0-0: Called Strike 0-1: Fielders Choice at 2nd, 3-6 (Groundball, 34, EV 90.6 MPH) Danny Runberg to third
|
|
Batting: SHB Nick Daigle
|
0-0: Ball 1-0: SINGLE (Line Drive, 6M, EV 98.8 MPH) Danny Runberg scores Coltin Nellis to second Runner from 2nd tries for 3rd, SAFE, throw by CF made to third
|
|
Batting: LHB Miguel Ramos
|
0-0: Foul Ball, location: 2F 0-1: Foul Ball, location: 2F 0-2: Fielders Choice at 2nd, U6 (Groundball, 6M, EV 108.1 MPH)
|
| Top of the 3rd over - 1 run, 2 hits, 0 errors, 2 left on base; Kingsport 1 - San Francisco (APP) 2 |
| BOTTOM OF THE 3RD |
|
San Francisco (APP) Giants batting - Pitching for Kingsport Mets : LHP Dan Bremseth
|
|
Batting: RHB Coen Dirks
|
0-0: Ball 1-0: Ball 2-0: SINGLE (Groundball, 5S, EV 69.4 MPH) (infield hit)
|
|
Batting: RHB Edwin Verdugo
|
0-0: Ball Passed Ball! Coen Dirks to second 1-0: Called Strike 1-1: Called Strike 1-2: SINGLE (Flyball, 8LS, EV 96.2 MPH) Coen Dirks to third
|
|
Batting: RHB Troy Trice
|
0-0: Ball 1-0: Called Strike 1-1: Fly out, F7 (Flyball, 7, EV 90.6 MPH) Runner from 3rd tags up, SCORES, no throw by LF
|
|
Batting: RHB Jason Gregor
|
0-0: Called Strike Edwin Verdugo steals 2nd base 0-1: Foul Ball, location: 2F 0-2: Strikes out looking
|
|
Batting: RHB Matt Shepard
|
0-0: Called Strike 0-1: Ball 1-1: Ball Wild Pitch! Edwin Verdugo to third 2-1: Called Strike 2-2: Ground out 4-3 (Groundball, 4, EV 87.5 MPH)
|
| Bottom of the 3rd over - 1 run, 2 hits, 0 errors, 1 left on base; Kingsport 1 - San Francisco (APP) 3 |
| TOP OF THE 4TH |
|
Kingsport Mets batting - Pitching for San Francisco (APP) Giants : LHP Hector Jimenez
|
|
Batting: LHB Matt Baker
|
0-0: Ground out 1-3 (Groundball, 15S, EV 64.4 MPH)
|
|
Batting: RHB Chris Graham
|
0-0: Ball 1-0: Called Strike 1-1: Ball 2-1: Ball 3-1: Ground out 3-1 (Groundball, 34S, EV 63.1 MPH)
|
|
Batting: LHB Dan Bremseth
|
0-0: Called Strike 0-1: Ground out 6-3 (Groundball, 6, EV 86.9 MPH)
|
| Top of the 4th over - 0 runs, 0 hits, 0 errors, 0 left on base; Kingsport 1 - San Francisco (APP) 3 |
| BOTTOM OF THE 4TH |
|
San Francisco (APP) Giants batting - Pitching for Kingsport Mets : LHP Dan Bremseth
|
|
Batting: LHB Chris West
|
0-0: Ball 1-0: Swinging Strike 1-1: Foul Ball, location: 2F 1-2: Ball 2-2: Strikes out swinging
|
|
Batting: RHB Teruhide Horiuchi
|
0-0: DOUBLE (Flyball, 78XD, EV 101.2 MPH)
|
|
Batting: RHB Bob Schweiger
|
0-0: Called Strike 0-1: Called Strike 0-2: Ball 1-2: Ball Wild Pitch! Teruhide Horiuchi to third 2-2: Strikes out looking
|
|
Batting: RHB Frank Pena
|
0-0: Foul Ball, location: 2F 0-1: Ball 1-1: Ball Wild Pitch! Teruhide Horiuchi scores 2-1: SINGLE (Groundball, 6MD, EV 109.4 MPH)
|
|
Batting: RHB Coen Dirks
|
0-0: Called Strike 0-1: Ball 1-1: Ball 2-1: Fly out, F2 (Popup, 15S, EV 85.6 MPH)
|
| Bottom of the 4th over - 1 run, 2 hits, 0 errors, 1 left on base; Kingsport 1 - San Francisco (APP) 4 |
| TOP OF THE 5TH |
|
Kingsport Mets batting - Pitching for San Francisco (APP) Giants : LHP Hector Jimenez
|
|
Batting: RHB Danny Runberg
|
0-0: Ball 1-0: Called Strike 1-1: Ball 2-1: Ball 3-1: Foul Ball, location: 2F 3-2: Base on Balls
|
|
Batting: SHB Tyler Maddux
|
0-0: Fielders Choice at 2nd, 4-6 (Groundball, 4, EV 105.0 MPH)
|
|
Batting: LHB Jeremy Moorehead
|
0-0: Called Strike 0-1: SINGLE (Groundball, 34, EV 97.5 MPH) (infield hit) Tyler Maddux to second
|
|
Batting: RHB Coltin Nellis
|
0-0: Ball Tyler Maddux steals 3rd, throwing error, E2 Tyler Maddux scores Jeremy Moorehead to third 1-0: Ball Passed Ball! Jeremy Moorehead scores 2-0: Ball 3-0: Base on Balls
|
|
Batting: SHB Nick Daigle
|
0-0: Ball 1-0: Called Strike 1-1: Ball 2-1: Grounds into double play, 6-4-3 (Groundball, 6, EV 101.2 MPH)
|
| Top of the 5th over - 2 runs, 1 hit, 1 error, 0 left on base; Kingsport 3 - San Francisco (APP) 4 |
| BOTTOM OF THE 5TH |
|
San Francisco (APP) Giants batting - Pitching for Kingsport Mets : LHP Dan Bremseth
|
|
Batting: RHB Edwin Verdugo
|
0-0: Called Strike 0-1: Ball 1-1: Foul Ball, location: 2F 1-2: Foul Ball, location: 2F 1-2: Ground out 6-3 (Groundball, 6, EV 95.6 MPH)
|
|
Batting: RHB Troy Trice
|
0-0: Called Strike 0-1: Ball 1-1: SINGLE (Groundball, 56D, EV 95.0 MPH)
|
|
Batting: RHB Jason Gregor
|
0-0: Ball 1-0: Ball Passed Ball! Troy Trice to second 2-0: Ball Passed Ball! Troy Trice to third 3-0: Called Strike 3-1: Base on Balls
|
|
Batting: RHB Matt Shepard
|
0-0: SINGLE (Groundball, 34D, EV 101.2 MPH) Troy Trice scores Jason Gregor to second Runner from 2nd tries for 3rd, OUT! 9-5
|
|
Batting: LHB Chris West
|
0-0: Called Strike 0-1: Ball 1-1: Ball 2-1: Called Strike 2-2: Ball 3-2: SINGLE (Groundball, 34S, EV 68.8 MPH) (infield hit) Matt Shepard to second
|
|
Pitching: RHP Pat Sprague
|
|
|
Batting: RHB Teruhide Horiuchi
|
0-0: Called Strike Matt Shepard steals 3rd base 0-1: SINGLE (Groundball, 34D, EV 108.8 MPH) Matt Shepard scores Chris West to second Runner from 2nd tries for 3rd, SAFE, throw by RF made to third
|
|
Batting: RHB Bob Schweiger
|
0-0: Called Strike 0-1: Ball 1-1: SINGLE (Line Drive, 78S, EV 102.5 MPH) Chris West scores Teruhide Horiuchi to second
|
|
Batting: RHB Frank Pena
|
0-0: Ball 1-0: Ball 2-0: Called Strike 2-1: Ball Wild Pitch! Teruhide Horiuchi to third Bob Schweiger to second 3-1: Foul Ball, location: 2F 3-2: Ground out 5-3 (Groundball, 5, EV 88.1 MPH)
|
| Bottom of the 5th over - 3 runs, 5 hits, 0 errors, 2 left on base; Kingsport 3 - San Francisco (APP) 7 |
| TOP OF THE 6TH |
|
Kingsport Mets batting - Pitching for San Francisco (APP) Giants : LHP Hector Jimenez
|
|
Batting: LHB Miguel Ramos
|
0-0: Called Strike 0-1: Swinging Strike 0-2: Ball 1-2: Ball 2-2: Ground out 5-3 (Groundball, 56, EV 87.5 MPH)
|
|
Batting: LHB Matt Baker
|
0-0: Called Strike 0-1: Ball 1-1: Foul Ball, location: 2F 1-2: Ball 2-2: Foul Ball, location: 2F 2-2: Strikes out swinging
|
|
Batting: RHB Chris Graham
|
0-0: Ball 1-0: Foul Ball, location: 2F 1-1: Foul Ball, location: 2F 1-2: Ball 2-2: DOUBLE (Groundball, 5L, EV 100.0 MPH)
|
|
Batting: LHB Dan Bremseth
|
0-0: Called Strike 0-1: Ball 1-1: Ball 2-1: Foul Ball, location: 2F 2-2: Ball 3-2: Foul Ball, location: 2F 3-2: Strikes out swinging
|
| Top of the 6th over - 0 runs, 1 hit, 0 errors, 1 left on base; Kingsport 3 - San Francisco (APP) 7 |
| BOTTOM OF THE 6TH |
|
San Francisco (APP) Giants batting - Pitching for Kingsport Mets : RHP Pat Sprague
|
|
Batting: RHB Coen Dirks
|
0-0: Ball 1-0: Called Strike 1-1: Ground out 3-1 (Groundball, 34, EV 83.1 MPH)
|
|
Batting: RHB Edwin Verdugo
|
0-0: Ball 1-0: Ball 2-0: Called Strike 2-1: Foul Ball, location: 2F 2-2: Fly out, F9 (Flyball, 9D, EV 88.8 MPH)
|
|
Pitching: RHP Antonio Reyes
|
|
|
Batting: RHB Troy Trice
|
0-0: Called Strike 0-1: Called Strike 0-2: Ball 1-2: Ball 2-2: Ball 3-2: DOUBLE (Line Drive, 89D, EV 106.9 MPH)
|
|
Batting: RHB Jason Gregor
|
0-0: Called Strike 0-1: Ball 1-1: Foul Ball, location: 2F 1-2: Strikes out swinging
|
| Bottom of the 6th over - 0 runs, 1 hit, 0 errors, 1 left on base; Kingsport 3 - San Francisco (APP) 7 |
| TOP OF THE 7TH |
|
Kingsport Mets batting - Pitching for San Francisco (APP) Giants : LHP Hector Jimenez
|
|
Pitching: RHP Danny MacKinnon
|
|
|
Batting: RHB Danny Runberg
|
0-0: Swinging Strike 0-1: Swinging Strike 0-2: Strikes out swinging, 2-3 out at first.
|
|
Batting: SHB Tyler Maddux
|
0-0: Called Strike 0-1: Ball 1-1: Ball 2-1: Ball 3-1: Foul Ball, location: 2F 3-2: Base on Balls
|
|
Batting: LHB Jeremy Moorehead
|
0-0: SINGLE (Line Drive, 7LS, EV 108.1 MPH) Tyler Maddux to second Tyler Maddux to third
|
|
Batting: RHB Coltin Nellis
|
0-0: Called Strike 0-1: Ball 1-1: Ball 2-1: Swinging Strike 2-2: SINGLE (Line Drive, 78S, EV 106.9 MPH) Tyler Maddux scores Jeremy Moorehead to second
|
|
Batting: SHB Nick Daigle
|
0-0: Called Strike 0-1: Ball 1-1: Ball 2-1: Ball 3-1: Fielders Choice at 2nd, 3-6 (Groundball, 3, EV 83.1 MPH) Jeremy Moorehead to third
|
|
Batting: LHB Miguel Ramos
|
0-0: Ball 1-0: Foul Ball, location: 2F 1-1: Foul Ball, location: 2F 1-2: Fly out, F9 (Line Drive, 9S, EV 95.0 MPH)
|
| Top of the 7th over - 1 run, 2 hits, 0 errors, 2 left on base; Kingsport 4 - San Francisco (APP) 7 |
| BOTTOM OF THE 7TH |
|
San Francisco (APP) Giants batting - Pitching for Kingsport Mets : RHP Antonio Reyes
|
|
Batting: RHB Matt Shepard
|
0-0: Bunt for hit to P - play at first, batter safe!
|
|
Batting: LHB Chris West
|
0-0: Fielders Choice at 2nd, U6 (Groundball, 4M, EV 108.1 MPH)
|
|
Batting: RHB Teruhide Horiuchi
|
0-0: Ball Wild Pitch! Chris West to second 1-0: Reached via error on a dropped throw from 1B, E1 (Groundball, 34, EV 99.4 MPH) Chris West to third
|
|
Batting: RHB Bob Schweiger
|
0-0: Swinging Strike 0-1: Ball Passed Ball! Chris West scores Teruhide Horiuchi to second 1-1: Called Strike 1-2: Ball 2-2: Ground out 6-3 (Groundball, 6, EV 91.9 MPH)
|
|
Pitching: LHP Matt Allert
|
|
|
Batting: RHB Frank Pena
|
0-0: Ball 1-0: Called Strike 1-1: 2-RUN HOME RUN (Line Drive, 7D, EV 102.5 MPH), Distance : 388 ft
|
|
Batting: RHB Coen Dirks
|
0-0: Ball 1-0: Ground out U3 (Groundball, 34, EV 80.6 MPH)
|
| Bottom of the 7th over - 3 runs, 2 hits, 1 error, 0 left on base; Kingsport 4 - San Francisco (APP) 10 |
| TOP OF THE 8TH |
|
Kingsport Mets batting - Pitching for San Francisco (APP) Giants : RHP Danny MacKinnon
|
|
Batting: LHB Matt Baker
|
0-0: Ground out 4-3 (Groundball, 4, EV 87.5 MPH)
|
|
Batting: RHB Chris Graham
|
0-0: Ball 1-0: Ball 2-0: Foul Ball, location: 2F 2-1: Ball 3-1: Ground out 5-3 (Groundball, 56, EV 85.6 MPH)
|
|
Batting: LHB Dan Bremseth
|
0-0: Ball 1-0: Foul Ball, location: 2F 1-1: Ball 2-1: Swinging Strike 2-2: Ball 3-2: Foul Ball, location: 2F 3-2: Foul Ball, location: 2F 3-2: DOUBLE (Line Drive, 9LM, EV 106.2 MPH)
|
|
Pitching: RHP Jonathan Simi
|
|
|
Batting: RHB Danny Runberg
|
0-0: Ball 1-0: Swinging Strike 1-1: DOUBLE (Groundball, 5L, EV 106.2 MPH) Dan Bremseth scores
|
|
Batting: SHB Tyler Maddux
|
0-0: Ball 1-0: Called Strike 1-1: Ball 2-1: Called Strike 2-2: Strikes out swinging
|
| Top of the 8th over - 1 run, 2 hits, 0 errors, 1 left on base; Kingsport 5 - San Francisco (APP) 10 |
| BOTTOM OF THE 8TH |
|
San Francisco (APP) Giants batting - Pitching for Kingsport Mets : LHP Matt Allert
|
|
Batting: RHB Edwin Verdugo
|
0-0: Called Strike 0-1: Hit by Pitch
|
|
Batting: RHB Troy Trice
|
0-0: Ball 1-0: Fielders Choice at 2nd, 6-4 (Groundball, 56, EV 81.2 MPH)
|
|
Batting: RHB Jason Gregor
|
0-0: Ball 1-0: Foul Ball, location: 2F 1-1: Ball 2-1: Called Strike 2-2: Foul Ball, location: 2F 2-2: Fly out, F7 (Flyball, 7, EV 94.4 MPH)
|
|
Batting: RHB Matt Shepard
|
0-0: Ball Passed Ball! Troy Trice to second 1-0: Ball Passed Ball! Troy Trice to third 2-0: Ball Wild Pitch! Troy Trice scores 3-0: Called Strike 3-1: SINGLE (Line Drive, 4M, EV 104.4 MPH)
|
|
Pitching: RHP Rob Fennell
|
|
|
Batting: LHB Chris West
|
0-0: Ball 1-0: Ball 2-0: Ball 3-0: Called Strike 3-1: Fly out, F7 (Flyball, 7, EV 90.0 MPH)
|
| Bottom of the 8th over - 1 run, 1 hit, 0 errors, 1 left on base; Kingsport 5 - San Francisco (APP) 11 |
| TOP OF THE 9TH |
|
Kingsport Mets batting - Pitching for San Francisco (APP) Giants : RHP Jonathan Simi
|
|
Batting: LHB Jeremy Moorehead
|
0-0: DOUBLE (Line Drive, 7LS, EV 108.1 MPH)
|
|
Batting: RHB Coltin Nellis
|
0-0: Ground out 5-3 (Groundball, 56S, EV 83.8 MPH)
|
|
Batting: SHB Nick Daigle
|
0-0: Called Strike 0-1: Ball 1-1: Ball 2-1: Ground out 6-3 (Groundball, 6MD, EV 85.0 MPH) Jeremy Moorehead to third
|
|
Batting: LHB Miguel Ramos
|
0-0: Ball 1-0: 2-RUN HOME RUN (Flyball, 9D, EV 95.0 MPH), Distance : 386 ft
|
|
Batting: LHB Matt Baker
|
0-0: Foul Ball, location: 2F 0-1: Ball 1-1: Swinging Strike 1-2: Foul Ball, location: 2F 1-2: Foul Ball, location: 2F 1-2: Strikes out swinging
|
| Top of the 9th over - 2 runs, 2 hits, 0 errors, 0 left on base; Kingsport 7 - San Francisco (APP) 11 |
|